AoeStats
← 爷

Black Forest

508837632Analyzed
4v4 RM · 7d ago on Sep 24, 2026· 59m 30s· 8 players
Game mode
Random Map
Map size
Large (8 player)
Population
200
Speed
Normal
Resources
Standard
Victory
Conquest
Starting age
Dark Age
Ending age
Imperial Age
RankedLock teamsTeams togetherTeam positionsShared explorationLock speedFull tech treeHidden civsTurbo modeCheats
Victory
Defeat
🇨🇳 Persians · China
1079
+5
🇨🇳 Hindustanis · China
665
+20
🇨🇳 Lithuanians · China
664
+20
🇰🇷 Teutons · South Korea
569
+24
🇨🇴 Byzantines · Colombia
814
-19
🇬🇧 Wu · United Kingdom
771
-17
🇪🇪 Burgundians · Estonia
769
-17
🇧🇪 Celts · Belgium
730
-16
RosConor
0:31 Loom
14:29 Feudal Age
14:56 Double-Bit Axe
14:54 Horse Collar
21:58 Castle Age
20:52 Stone Mining
20:57 Gold Mining
22:47 Heavy Plow
23:11 Bow Saw
26:39 Wheelbarrow
27:53 Hand Cart
30:03 Town Watch
31:08 Caravan
34:09 Imperial Age
31:39 Town Patrol
32:15 Masonry
32:20 Fortified Wall
34:07 Gold Shaft Mining
34:11 Stone Shaft Mining
38:05 Chemistry
36:56 Heated Shot
37:01 Murder Holes
37:06 Stronghold
37:28 Furor Celtica
37:40 Conscription
36:48 Heavy Scorpion
37:20 Man-at-Arms
37:21 Pikeman
37:47 Gambesons
37:48 Arson
38:55 Siege Engineers
39:35 Elite Woad Raider
40:59 Long Swordsman
42:35 Hoardings
42:33 Scale Mail Armor
42:43 Forging
44:19 Chain Mail Armor
44:40 Iron Casting
44:24 Halberdier
46:11 Plate Mail Armor
46:30 Guard Tower
47:00 Ballistics
47:07 Sanctity
46:50 Devotion
47:03 Fervor
49:36 Blast Furnace
53:18 Padded Archer Armor
53:08 Fletching
53:24 Scale Barding Armor
ForzaGT87
0:29 Loom
11:18 Feudal Age
11:49 Double-Bit Axe
12:03 Horse Collar
12:13 Town Watch
13:56 Gold Mining
18:57 Town Watch
19:15 Stone Mining
21:21 Arson
24:04 Castle Age
22:32 Forging
22:23 Scale Mail Armor
22:50 Padded Archer Armor
22:41 Fletching
25:24 Gold Shaft Mining
25:02 Bow Saw
24:55 Heavy Plow
27:15 Chain Mail Armor
28:34 Iron Casting
28:28 Bodkin Arrow
28:49 Leather Archer Armor
28:53 Caravan
29:45 Stone Shaft Mining
30:30 Squires
35:02 Pikeman
38:19 Imperial Age
40:26 Blast Furnace
41:45 Plate Mail Armor
41:19 Bracer
41:33 Halberdier
Intensivist
0:33 Loom
6:26 Double-Bit Axe
9:59 Wheelbarrow
12:15 Feudal Age
11:51 Gold Mining
13:11 Hand Cart
13:32 Bow Saw
18:11 Stone Mining
18:04 Horse Collar
20:53 Arson
23:22 Castle Age
22:07 Stone Shaft Mining
21:35 Heavy Plow
22:49 Gold Shaft Mining
23:17 Town Watch
28:04 Fletching
28:32 Squires
34:02 Imperial Age
31:43 Bodkin Arrow
32:22 Treadmill Crane
32:37 Murder Holes
32:53 Fortified Wall
34:50 Capped Ram
37:09 Conscription
37:21 Bracer
37:21 Padded Archer Armor
37:28 Scale Barding Armor
39:15 Chemistry
38:37 Ballistics
38:51 Husbandry
38:11 Cavalier
41:59 Caravan
44:47 Pikeman
Fulgur
0:29 Loom
12:54 Feudal Age
15:47 Double-Bit Axe
16:44 Horse Collar
23:58 Castle Age
22:35 Wheelbarrow
21:53 Gold Mining
24:13 Fletching
27:05 Caravan
29:50 Imperial Age
29:17 Bow Saw
29:26 Bow Saw
28:47 Crossbowman
31:12 Conscription
32:04 Padded Archer Armor
33:01 Bodkin Arrow
33:22 Leather Archer Armor
35:23 Forging
35:19 Scale Barding Armor
36:53 Scale Mail Armor
36:50 Pikeman
37:31 Squires
38:24 Gambesons
jcg2212
0:41 Loom
14:31 Feudal Age
15:10 Double-Bit Axe
15:57 Man-at-Arms
17:17 Gold Mining
19:00 Stone Mining
26:01 Arson
30:18 Forging
30:08 Scale Mail Armor
32:22 Castle Age
33:38 Wheelbarrow
34:16 Stone Shaft Mining
36:30 Ironclad
36:57 Bow Saw
39:12 Hand Cart
41:02 Chain Mail Armor
41:23 Iron Casting
42:12 Horse Collar
43:18 Scale Barding Armor
44:03 Caravan
46:45 Chain Barding Armor
46:26 Padded Archer Armor
46:16 Fletching
46:59 Coinage
49:00 Heavy Plow
49:20 Leather Archer Armor
49:02 Bodkin Arrow
58:32 Imperial Age
56:28 Ballistics
58:56 Heated Shot
58:58 Guard Tower
59:18 Fortified Wall
59:20 Masonry
爷
1:10 Loom
13:07 Feudal Age
14:36 Double-Bit Axe
18:06 Horse Collar
25:36 Castle Age
25:41 Wheelbarrow
25:06 Gold Mining
25:15 Stone Mining
27:16 Bow Saw
27:55 Heavy Plow
30:18 Stone Shaft Mining
32:18 Murder Holes
33:31 Hand Cart
36:38 Gold Shaft Mining
40:18 Scale Barding Armor
40:25 Forging
47:00 Imperial Age
45:10 Husbandry
45:20 Bloodlines
47:35 Elite Ghulam
47:44 Heavy Camel Rider
50:05 Chemistry
52:55 Imperial Camel Rider
56:30 Iron Casting
55:55 Scale Mail Armor
NthEagle7752776
13:45 Feudal Age
17:33 Castle Age
15:27 Horse Collar
15:40 Double-Bit Axe
16:01 Gold Mining
18:50 Bow Saw
19:31 Heavy Plow
23:31 Stone Mining
24:24 Gold Shaft Mining
26:33 Wheelbarrow
25:44 Loom
25:45 Town Watch
26:59 Stone Shaft Mining
27:22 Hand Cart
32:42 Imperial Age
32:15 Scale Barding Armor
32:22 Forging
32:04 Fletching
33:53 Chain Barding Armor
34:58 Iron Casting
35:33 Conscription
34:34 Elite War Elephant
37:40 Bloodlines
37:30 Husbandry
40:44 Plate Barding Armor
41:10 Blast Furnace
40:18 Devotion
41:18 Faith
51:00 Two-Man Saw
50:39 Crop Rotation
50:57 Hoardings
50:34 Citadels
50:45 Citadels
51:38 Bodkin Arrow
51:45 Scale Mail Armor
51:45 Padded Archer Armor
鬼才
0:41 Loom
13:48 Feudal Age
15:07 Wheelbarrow
14:13 Horse Collar
14:21 Double-Bit Axe
15:15 Gold Mining
21:52 Castle Age
24:40 Heavy Plow
24:53 Bow Saw
26:08 Hand Cart
26:56 Stone Mining
28:22 Forging
28:12 Scale Mail Armor
30:01 Stone Shaft Mining
32:37 Iron Casting
32:02 Scale Mail Armor
32:07 Scale Barding Armor
33:58 Town Watch
34:31 Chain Mail Armor
35:09 Chain Barding Armor
37:49 Imperial Age
35:33 Masonry
35:03 Treadmill Crane
35:34 Fortified Wall
35:20 Murder Holes
35:45 Ballistics
36:42 Town Patrol
36:54 Elite Skirmisher
37:40 Thumb Ring
37:27 Fletching
37:37 Padded Archer Armor
38:06 Caravan
39:54 Bloodlines
39:44 Husbandry
39:07 Elite Leitis
39:15 Elite Leitis
40:54 Conscription
41:23 Plate Barding Armor
Connection lost

Rejoining the realm…

Still unreachable

The connection could not be restored.

Session expired

The server has moved on; the page needs a fresh start.